 Dungeon Crawl Stone Soup version 0.30.1-3-gfc49f6343a (webtiles) character file.

Game seed: 9809309511534636170

65 sampeng1 the Chopper (level 4, -2/41 HPs)
             Began as a Gnoll Cinder Acolyte on July 27, 2023.
             Was a High Priest of Ignis.
             Killed by divine providence
             ... invoked by an orc priest
              (15 damage)
             ... on level 3 of the Dungeon.
             The game lasted 00:07:59 (2541 turns).

sampeng1 the Chopper (Gnoll Cinder Acolyte)         Turns: 2541, Time: 00:08:00

Health: -2/41      AC:  6    Str: 14    XL:     4   Next: 13%
Magic:  2/8        EV: 11    Int: 15    God:    Ignis [*****.]
Gold:   95         SH:  0    Dex:  7    Spells: 7/9 levels left

rFire   + . .        a - +0 hand axe (flame)
rCold   . . .        (no shield)
rNeg    . . .        f - +0 acid dragon scales
rPois   .            (no helmet)
rElec   .            (no cloak)
rCorr   +            (no gloves)
SInv    .            (no boots)
Will    .....        (no amulet)
Stlth   +            j - ring of resist corrosion
HPRegen 0.26/turn    (no ring)
MPRegen 0.11/turn

%: no passive effects
@: no status effects
A: fangs 1, strong nose, distributed training
a: Renounce Religion, Fiery Armour, Foxfire Swarm, Rising Flame


You were on level 3 of the Dungeon.
You worshipped Ignis.
Ignis was extremely pleased with you.
You visited 1 branch of the dungeon, and saw 3 of its levels.

You collected 95 gold pieces.

Inventory:

Hand Weapons
 a - a +0 hand axe of flaming (weapon)
Missiles
 d - 19 stones (quivered)
Armour
 b - a +0 robe
 f - +0 acid dragon scales (worn)
Jewellery
 j - a ring of resist corrosion (left hand)
 k - an amulet of guardian spirit
Scrolls
 c - 2 scrolls of teleportation
 h - a scroll of amnesia {unknown}
 l - a scroll of vulnerability {unknown}
Potions
 e - a potion of curing
 g - a potion of heal wounds
 i - a potion of degeneration {unknown}


   Skills:
 + Level 6.6 Fighting
 + Level 1.1 Short Blades
 + Level 1.1 Long Blades
 + Level 6.6 Axes
 + Level 1.1 Maces & Flails
 + Level 1.1 Polearms
 + Level 1.1 Staves
 + Level 1.1 Ranged Weapons
 + Level 1.1 Throwing
 + Level 1.1 Armour
 + Level 1.1 Dodging
 + Level 1.1 Stealth
 + Level 1.1 Shields
 + Level 1.1 Unarmed Combat
 + Level 3.0 Spellcasting
 + Level 0.8 Conjurations
 + Level 0.8 Hexes
 + Level 0.8 Summonings
 + Level 0.8 Necromancy
 + Level 0.8 Translocations
 + Level 0.8 Transmutations
 + Level 5.4 Fire Magic
 + Level 0.8 Ice Magic
 + Level 0.8 Air Magic
 + Level 0.8 Earth Magic
 + Level 0.8 Poison Magic
 + Level 1.2 Invocations
 + Level 1.1 Evocations


You had 7 spell levels left.
You knew the following spells:

 Your Spells              Type           Power      Damage    Failure   Level
a - Scorch                Fire           36%        2d7       4%          2

Your spell library contained the following spells:

 Spells                   Type           Power      Damage    Failure   Level
 Blink                    Tloc           8%         N/A       30%         2
 Lesser Beckoning         Tloc           8%         N/A       30%         2
 Momentum Strike          Conj/Tloc      8%         3d8       30%         2


Dungeon Overview and Level Annotations

Branches:
Dungeon (3/15)

Altars:
Hepliaklqana


Innate Abilities, Weirdness & Mutations

You have very sharp teeth.
Your uncanny sense of smell can sniff out nearby items.
Your experience applies equally to all skills.


Message History

The orc priest calls down the wrath of Beogh upon you.
Beogh smites you!
An orc comes into view. It is wielding a +0 trident.
An orc comes into view. It is wielding a +0 whip.
The orc shouts!
An orc comes into view. It is wielding a +0 falchion.
You see here a +0 chain mail.
The bat hits you. The bat barely misses you.
Casting: Scorch (safe; 4% risk of failure)
Confirm with . or Enter, or press ? or * to list all spells.
Flames lash the bat.
You kill the bat!
An orc comes into view. It is wielding a +0 club.
There are monsters nearby!
There are monsters nearby!
You hit the orc priest. You burn the orc priest.
The orc priest is lightly wounded.
The orc priest barely misses you.
You hit the orc priest. You burn the orc priest.
Your bite misses the orc priest.
The orc priest is moderately wounded.
The orc priest mumbles some strange prayers to Beogh against you.
Beogh smites you!
You hit the orc priest. You burn the orc priest.
The orc priest is heavily wounded.
The orc priest hits you with a +0 flail!
* * * LOW HITPOINT WARNING * * *
Casting: Scorch (safe; 4% risk of failure)
Confirm with . or Enter, or press ? or * to list all spells.
Flames lash the orc priest.
The orc priest is severely wounded.
The orc priest's fire resistance burns away.
Casting: Scorch (safe; 4% risk of failure)
Confirm with . or Enter, or press ? or * to list all spells.
Flames lash the orc.
The orc is heavily wounded.
The orc's fire resistance burns away.
The orc priest invokes the aid of Beogh against you.
Beogh smites you!
You die...

##......# ##.......##
#######.........#
......#.........# #
#####.....†.....# ...
#######...>.....# ###....
.... #..........##oo...o.
................ooo#
########........@#..o....
.......#........##.##....
#†####.#........##.# ###
#.#....#.......)...#
#.#.####........####
#.#.............#
#.######........#
................#
#..##...........#


You could see an orc priest (combustible) and 4 orcs.

Vanquished Creatures
  A worm (D:2)
  A dart slug (D:2)
  7 ball pythons
  9 bats
  4 endoplasms
  7 goblins
  3 hobgoblins
  3 jackals (D:1)
  3 kobolds
  4 quokkas
  4 frilled lizards
  5 rats
51 creatures vanquished.

Notes
Turn   | Place    | Note
-------+----------+-------------------------------------------
     0 | D:1      | sampeng1 the Gnoll Cinder Acolyte began the quest for the
                  | Orb.
     0 | D:1      | Reached XP level 1. HP: 23/23 MP: 4/4
     1 | D:1      | Found a hazy altar of Hepliaklqana.
   191 | D:1      | Reached XP level 2. HP: 29/29 MP: 5/5
   194 | D:1      | Learned a level 2 spell: Scorch
  1016 | D:1      | Reached XP level 3. HP: 35/35 MP: 7/7
  1529 | D:2      | Reached skill level 1 in Invocations
  1864 | D:2      | Reached skill level 1 in Short Blades
  1864 | D:2      | Reached skill level 1 in Long Blades
  1864 | D:2      | Reached skill level 1 in Maces & Flails
  1864 | D:2      | Reached skill level 1 in Polearms
  1864 | D:2      | Reached skill level 1 in Staves
  1864 | D:2      | Reached skill level 1 in Ranged Weapons
  1864 | D:2      | Reached skill level 1 in Throwing
  1864 | D:2      | Reached skill level 1 in Armour
  1864 | D:2      | Reached skill level 1 in Dodging
  1864 | D:2      | Reached skill level 1 in Stealth
  1864 | D:2      | Reached skill level 1 in Shields
  1864 | D:2      | Reached skill level 1 in Unarmed Combat
  1864 | D:2      | Reached skill level 1 in Evocations
  2314 | D:3      | Reached XP level 4. HP: 33/41 MP: 8/8
  2541 | D:3      | Killed from afar by an orc priest

Illustrated notes

Levels and vault maps discovered:
D:1:      sevenhm_arrival_forest_fort_small_6, layout_basic
D:2:      layout_basic
D:3:      layout_rooms, marbit_many_paths, roderic_lattice_a, minmay_cupped

Skill      XL: |  1  2  3  4 |
---------------+-------------+-----
Invocations    | 1 |  1.2
Short Blades   | 1 |  1.1
Long Blades    | 1 |  1.1
Maces & Flails | 1 |  1.1
Polearms       | 1 |  1.1
Staves         | 1 |  1.1
Ranged Weapons | 1 |  1.1
Throwing       | 1 |  1.1
Armour         | 1 |  1.1
Dodging        | 1 |  1.1
Stealth        | 1 |  1.1
Shields        | 1 |  1.1
Unarmed Combat | 1 |  1.1
Evocations     | 1 |  1.1
Spellcasting   | 3 |  3.0
Fighting       | |  6.6
Axes           | |  6.6
Conjurations   | |  0.8
Hexes          | |  0.8
Summonings     | |  0.8
Necromancy     | |  0.8
Translocations | |  0.8
Transmutations | |  0.8
Fire Magic     | |  5.4
Ice Magic      | |  0.8
Air Magic      | |  0.8
Earth Magic    | |  0.8
Poison Magic   | |  0.8

Action                     |  1- 3 |  4- 6 || total
---------------------------+-------+-------++-------
  Melee: Hand axe          |    91 |    13 ||   104
         Bite              |     9 |     2 ||    11
         Punch             |     1 |       ||     1
   Cast: Scorch            |    13 |     7 ||    20
    Use: Scroll            |     4 |     1 ||     5
         Potion            |     3 |     2 ||     5
 Armour: Robe              |    18 |     8 ||    26
         Acid dragon scale |       |     2 ||     2
  Dodge: Dodged            |    72 |    19 ||    91
